 Dungeon Crawl Stone Soup version 0.31.0-9-g3a7656b989 (webtiles) character file.

Game seed: 17279673165109029474

381 Bnni the Cutter (level 6, -3/33 HPs)
             Began as a Vine Stalker Fighter on Feb 2, 2024.
             Slain by CapUranus's ghost (10 damage)
             ... on level 3 of the Dungeon.
             The game lasted 00:03:48 (1744 turns).

Bnni the Cutter (Vine Stalker Fighter)              Turns: 1744, Time: 00:03:48

Health: -3/33      AC:  8    Str: 19    XL:     6   Next: 75%
Magic:  0/7        EV:  9    Int:  8    God:
Gold:   150        SH: 10    Dex: 15    Spells: 5/5 levels left

rFire   . . .        a - +0 rapier
rCold   . . .        c - +0 buckler
rNeg    . . .        b - +0 scale mail
rPois   .            q - +0 helmet
rElec   .            g - +0 cloak
rCorr   .            (no gloves)
SInv    .            (no boots)
Will    .....        o - amulet of reflection Stlth
                     (no ring)
HPRegen 1.05/turn    (no ring)
MPRegen 0.10/turn

%: reflection, guardian spirit
@: mighty
A: fangs 2, regeneration 1, magic shield, antimagic bite, no potion heal 2
a: no special abilities


You were on level 3 of the Dungeon.
You visited 1 branch of the dungeon, and saw 3 of its levels.
You also visited: Sewer.

You collected 150 gold pieces.

Inventory:

Hand Weapons
 a - a +0 rapier (weapon)
 k - a +0 trident
Missiles
 r - 2 poisoned darts (quivered)
Armour
 b - a +0 scale mail (worn)
 c - a +0 buckler (worn)
 g - a +0 cloak (worn)
 q - a +0 helmet (worn)
Jewellery
 m - a ring of ice
 o - an amulet of reflection (around neck)
Scrolls
 e - 6 scrolls of identify {unknown}
 f - a scroll of noise {unknown}
 h - 2 scrolls of vulnerability {unknown}
 i - a scroll of fog {unknown}
 j - a scroll of amnesia {unknown}
 s - a scroll of silence {unknown}
Potions
 l - a potion of curing {unknown}
 n - a potion of enlightenment {unknown}
 p - a potion of mutation {unknown}
 t - a potion of haste


   Skills:
 + Level 4.1 Fighting
 * Level 4.6 Short Blades
 - Level 2.4 Armour
 - Level 4.0 Shields


You had 5 spell levels left.
You didn't know any spells.
Your spell library contained the following spells:

 Spells                   Type           Power      Damage    Failure   Level
 Apportation              Tloc           0%         N/A       86%         1
 Necrotise                Necr           0%         1d4       86%         1
 Sting                    Conj/Alch      0%         1d3       86%         1
 Summon Small Mammal      Summ           0%         N/A       86%         1
 Inner Flame              Hex/Fire       0%         N/A       99%         3
 Irradiate                Conj/Alch      0%         3d11      100%        5
 Ignition                 Fire           0%         3d3       100%        8


Dungeon Overview and Level Annotations

Branches:
Dungeon (3/15)              Sewer (visited)

Altars:
Ashenzari
Cheibriados
The Shining One

Annotations:
D:3 CapUranus's ghost, weakling GrFi


Innate Abilities, Weirdness & Mutations

You have extremely sharp teeth.
Your natural rate of healing is unusually fast.
When hurt, damage is shared between your health and your magic reserves.
Your bite disrupts and absorbs the magic of your enemies.
Potions cannot restore your health.


Message History

You are too injured to fight recklessly!
You are too injured to fight recklessly!
You barely miss CapUranus's ghost. Your bite misses CapUranus's ghost.
CapUranus's ghost is severely damaged.
You barely miss CapUranus's ghost.
CapUranus's ghost is severely damaged.
CapUranus's ghost hits you.
You hit CapUranus's ghost but do no damage.
You bite CapUranus's ghost, but do no damage.
CapUranus's ghost is severely damaged.
CapUranus's ghost hits you.
You hit CapUranus's ghost but do no damage.
You bite CapUranus's ghost, but do no damage.
CapUranus's ghost is severely damaged.
You block CapUranus's ghost's attack.
You hit CapUranus's ghost but do no damage.
CapUranus's ghost is severely damaged.
CapUranus's ghost hits you.
You hit CapUranus's ghost.
CapUranus's ghost is severely damaged.
CapUranus's ghost hits you.
You hit CapUranus's ghost but do no damage.
CapUranus's ghost is severely damaged.
You block CapUranus's ghost's attack.
You barely miss CapUranus's ghost.
CapUranus's ghost is severely damaged.
CapUranus's ghost hits you!
* * * LOW HITPOINT WARNING * * *
You barely miss CapUranus's ghost. Your bite misses CapUranus's ghost.
CapUranus's ghost is severely damaged.
CapUranus's ghost hits you but does no damage.
You feel very mighty all of a sudden. CapUranus's ghost barely misses you.
You closely miss CapUranus's ghost. Your bite misses CapUranus's ghost.
CapUranus's ghost is severely damaged.
You block CapUranus's ghost's attack.
You barely miss CapUranus's ghost.
CapUranus's ghost is severely damaged.
CapUranus's ghost hits you!
You die...

.#### #.# #.... .#
#.# #.# #.#. .# #.#
#.# ##.. .# #.#
#.### #... .# #.##
#... #.### .# #..#
#..## #. .## ##.#
#.####### # ..## #>#
#.W~~~~?~
...#####.## #@###
...)......######..##
...#####..........#
..## ##.######.##
.## #.# #.#
#########.# #.#
#.........# #.#
#.######### #.# #.#
#.# #.


You could see CapUranus's ghost.

Vanquished Creatures
  A crocodile (Sewer)
  A brain worm (Sewer)
  2 orc priests (D:3)
  Jessica (D:2)
  7 adders
  4 dart slugs
  2 ribbon worms
  3 orcs (D:3)
  14 bats
  7 endoplasms
  A giant cockroach (D:1)
  5 goblins
  7 hobgoblins
  4 jackals (D:1)
  A kobold (D:2)
  A quokka (D:3)
  9 ball pythons
  2 frilled lizards (D:1)
  A rat (D:1)
73 creatures vanquished.

Notes
Turn   | Place    | Note
-------+----------+-------------------------------------------
     0 | D:1      | Bnni the Vine Stalker Fighter began the quest for the Orb.
     0 | D:1      | Reached XP level 1. HP: 11/11 MP: 2/2
   136 | D:1      | Reached XP level 2. HP: 16/16 MP: 3/3
   260 | D:1      | Reached XP level 3. HP: 19/19 MP: 2/4
   706 | D:2      | Found a broken altar of Ashenzari.
   748 | D:2      | Noticed Jessica
   754 | D:2      | Killed Jessica
   755 | D:2      | Reached XP level 4. HP: 24/24 MP: 3/5
  1253 | D:3      | Found a glowing golden altar of the Shining One.
  1314 | D:3      | Reached XP level 5. HP: 28/28 MP: 6/6
  1398 | D:3      | Found a snail-covered altar of Cheibriados.
  1504 | D:3      | Found a glowing drain.
  1513 | Sewer    | Entered a sewer
  1549 | Sewer    | Reached XP level 6. HP: 33/33 MP: 7/7
  1708 | D:3      | Found a runed translucent door.
  1708 | D:3      | Noticed CapUranus's ghost (weakling GrFi)
  1744 | D:3      | Slain by CapUranus's ghost

Illustrated notes

Levels and vault maps discovered:
D:1:      dpeg_arrival_snail, layout_rooms
D:2:      layout_loops_ring, basic_altar, kennysheep_generic_room_9,
          uniq_jessica
D:3:      layout_loops_ring, mainiacjoe_overflow_small_starburst,
          nicolae_tso_carved_into_rock, cheibrodos_sewer_entry_sluice,
          ebering_ghost_sewer_d

Skill      XL: |  1  2  3  4  5  6 |
---------------+-------------------+-----
Short Blades   | 2 3 4 |  4.6
Shields        | 3 4 |  4.0
Fighting       | 3 4 |  4.1
Armour         | |  2.4

Action                     |  1- 3 |  4- 6 || total
---------------------------+-------+-------++-------
  Melee: Rapier            |    87 |   163 ||   250
         Bite              |    22 |    46 ||    68
  Throw: Dart              |       |     3 ||     3
    Use: Potion            |       |     1 ||     1
 Armour: Scale mail        |    55 |    95 ||   150
  Dodge: Dodged            |    45 |    54 ||    99
  Block: Buckler           |    17 |    89 ||   106
         Reflection        |       |     1 ||     1
